 Dungeon Crawl Stone Soup version 0.29.0-4-gdea44cf6ec (webtiles) character file.

Game seed: 7189627391017243749

112 qw the Chopper (level 4, -2/26 HPs)
             Began as a Tengu Warper on Aug 28, 2022.
             Slain by a water moccasin (7 damage)
             ... on level 3 of the Dungeon.
             The game lasted 00:00:19 (3182 turns).

qw the Chopper (Tengu Warper)                       Turns: 3182, Time: 00:00:19

Health: -2/26      AC:  8    Str: 13    XL:     4   Next: 95%
Magic:  8/8        EV:  6    Int: 14    God:
Gold:   105        SH:  0    Dex: 13    Spells: 7/7 levels left

rFire   . . .      SeeInvis .   Y - +0 hand axe
rCold   . . .      Faith    .   (no shield)
rNeg    . . .      Spirit   .   i - +0 chain mail
rPois   .          Reflect  .   (helmet restricted)
rElec   .          Harm     .   (no cloak)
rCorr   .          Rampage  .   (no gloves)
Will    .....                   (boots unavailable)
Stlth   ..........              (no amulet)
HPRegen 0.08/turn               (no ring)
MPRegen 0.11/turn               (no ring)

@: no status effects
A: beak, talons 3
a: no special abilities


You were on level 3 of the Dungeon.
You visited 1 branch of the dungeon, and saw 3 of its levels.

You collected 105 gold pieces.


Innate Abilities, Weirdness & Mutations

You have a beak for a mouth.
You have claws for feet.


   Skills:
 - Level 2.0 Fighting
 + Level 5.4 Axes
 - Level 1.0 Throwing
 - Level 1.1 Armour
 - Level 2.1 Dodging
 - Level 2.0 Spellcasting
 - Level 2.4 Translocations


You had 7 spell levels left.
You didn't know any spells.
Your spell library contained the following spells:

 Spells                   Type           Power      Damage    Failure   Level
 Blink                    Tloc           16%        N/A       99%         2
 Gell's Gravitas          Tloc           8%         N/A       100%        3
 Lesser Beckoning         Tloc           8%         N/A       100%        3
 Teleport Other           Tloc           8%         N/A       100%        3
 Manifold Assault         Tloc           8%         N/A       100%        5

Inventory:

Hand Weapons
 e - a +0 flail
 Y - a +0 hand axe (weapon)
Armour
 i - a +0 chain mail (worn)
Scrolls
 a - a scroll of identify
 c - a scroll of immolation {unknown}
Potions
 b - a potion of lignification {unknown}
 h - a potion of flight {unknown}
 j - 2 potions of attraction {unknown}
 k - a potion of heal wounds {unknown}
 l - a potion of haste

Dungeon Overview and Level Annotations

Branches:
Dungeon (3/15)

Altars:
Gozag
Kikubaaqudgha


Message History

You see here a +0 ring mail.
Throw: javelin
Press: ? - help, Q - select action Shift-Dir - straight line, f - kobold You throw a javelin.
The javelin pierces through the kobold but does no damage.
You barely miss the kobold. You claw the kobold, but do no damage.
You peck the kobold.
The kobold is moderately wounded.
The kobold hits you but does no damage.
You hit the kobold.
The kobold is heavily wounded.
The kobold hits you but does no damage.
You miss the kobold. You claw the kobold.
You kill the kobold!
You see here a +0 whip.
You enter a teleport trap!
The teleport trap disappears.
Your surroundings suddenly seem different.
A water moccasin comes into view.
You barely miss the water moccasin. The water moccasin bites you.
You miss the water moccasin. The water moccasin bites you!
The water moccasin closely misses you.
You miss the water moccasin. You claw the water moccasin.
The water moccasin is lightly wounded.
The water moccasin closely misses you.
You closely miss the water moccasin.
The water moccasin is lightly wounded.
The water moccasin bites you but does no damage.
You hit the water moccasin but do no damage.
Your peck misses the water moccasin.
The water moccasin is lightly wounded.
The water moccasin barely misses you. The water moccasin bites you.
You miss the water moccasin. Your peck misses the water moccasin.
The water moccasin is lightly wounded.
The water moccasin bites you!
You hit the water moccasin. Your kick misses the water moccasin.
You peck the water moccasin, but do no damage.
The water moccasin is moderately wounded.
The water moccasin bites you!
You die...

# #.
#.####
#.#....#
#...S@.#
######.#
##


You could see a water moccasin.

Vanquished Creatures
  Robin (D:2)
  3 adders (D:2)
  A worm (D:2)
  3 dart slugs
  2 ball pythons
  5 bats
  3 endoplasms
  15 goblins
  11 hobgoblins
  6 kobolds
  2 quokkas (D:2)
  3 frilled lizards
  5 rats
60 creatures vanquished.

Notes
Turn   | Place    | Note
-------+----------+-------------------------------------------
     0 | D:1      | qw the Tengu Warper began the quest for the Orb.
     0 | D:1      | Reached XP level 1. HP: 12/12 MP: 4/4
     0 | D:1      | 0 ||| qw: Version: 0.1-a-89-g26bdef1
     0 | D:1      | 0 ||| qw: Game counter: 78
     0 | D:1      | 0 ||| qw: Always use a shield: true
     0 | D:1      | 0 ||| qw: God list: Okawaru
     0 | D:1      | 0 ||| qw: Allow faded altars: false
     0 | D:1      | 0 ||| qw: Do Orc after D:15 true
     0 | D:1      | 0 ||| qw: Do second Lair branch before Depths: true
     0 | D:1      | 0 ||| qw: Lair rune preference: random
     0 | D:1      | 0 ||| qw: Plans: Normal
     0 | D:1      | 0 ||| PLANNING D:1-11
    37 | D:1      | 37 ||| Stepping ~*~*~tactically~*~*~ (stealth).
   135 | D:1      | Reached skill level 3 in Axes
   135 | D:1      | Reached XP level 2. HP: 12/17 MP: 6/6
   728 | D:1      | 728 ||| Stepping ~*~*~tactically~*~*~ (hiding).
   833 | D:1      | 833 ||| Stepping ~*~*~tactically~*~*~ (hiding).
   935 | D:1      | 935 ||| Stepping ~*~*~tactically~*~*~ (hiding).
   941 | D:1      | Reached XP level 3. HP: 21/21 MP: 7/7
  1219 | D:1      | 1219 ||| UPGRADING to +0 chain mail.
  1229 | D:1      | 1229 ||| DROPPING +0 leather armour.
  1230 | D:1      | 1230 ||| DROPPING amulet of magic regeneration.
  1231 | D:1      | 1231 ||| READING 2 scrolls labelled LAGRENLOCH.
  1232 | D:1      | 1232 ||| DROPPING scroll of blinking.
  1299 | D:2      | Reached skill level 4 in Axes
  1303 | D:2      | 1303 ||| FLEEEEING.
  1313 | D:2      | 1313 ||| STAIRDANCE
  1424 | D:1      | 1424 ||| READING scroll labelled FUIWIONUGA.
  1456 | D:2      | 1456 ||| Stepping ~*~*~tactically~*~*~ (stealth).
  1457 | D:2      | 1457 ||| Stepping ~*~*~tactically~*~*~ (stealth).
  1493 | D:2      | 1493 ||| Stepping ~*~*~tactically~*~*~ (stealth).
  1517 | D:2      | 1517 ||| FLEEEEING.
  1518 | D:2      | 1518 ||| FLEEEEING.
  1519 | D:2      | 1519 ||| FLEEEEING.
  1521 | D:2      | 1521 ||| FLEEEEING.
  1533 | D:2      | 1533 ||| FLEEEEING.
  1534 | D:2      | 1534 ||| STAIRDANCE
  1577 | D:1      | 1577 ||| READING scroll labelled VUECVONWEN.
  1590 | D:2      | Reached XP level 4. HP: 14/26 MP: 8/8
  1590 | D:2      | 1590 ||| STAIRDANCE
  1736 | D:2      | 1736 ||| Stepping ~*~*~tactically~*~*~ (stealth).
  1763 | D:2      | Noticed Robin
  1764 | D:2      | 1764 ||| FLEEEEING.
  1768 | D:2      | 1768 ||| STAIRDANCE
  1817 | D:2      | 1817 ||| Stepping ~*~*~tactically~*~*~ (hiding).
  1819 | D:2      | 1819 ||| Stepping ~*~*~tactically~*~*~ (hiding).
  1833 | D:2      | Killed Robin
  1835 | D:2      | HP: 5/24 [goblin/+1 dagger of draining[Robin] (1)]
  2169 | D:2      | Found a faded altar of an unknown god.
  2178 | D:2      | Reached skill level 5 in Axes
  2639 | D:2      | 2639 ||| READING scroll labelled WIFRUG NUAVETU.
  2640 | D:2      | 2640 ||| READING 2 scrolls labelled FIRIM DERAAZ.
  2644 | D:2      | 2644 ||| READING scroll labelled YTIGREACKO.
  2745 | D:2      | 2745 ||| READING scroll labelled XEDITOJUTU.
  2746 | D:2      | 2746 ||| DRINKING 2 green potions.
  2747 | D:2      | 2747 ||| READING scroll of teleportation.
  2764 | D:3      | Found an ancient bone altar of Kikubaaqudgha.
  2800 | D:3      | Found an opulent altar of Gozag.
  2837 | D:3      | 2837 ||| FLEEEEING.
  2838 | D:3      | 2838 ||| FLEEEEING.
  2839 | D:3      | 2839 ||| FLEEEEING.
  2840 | D:3      | 2840 ||| FLEEEEING.
  2963 | D:3      | 2963 ||| Stepping ~*~*~tactically~*~*~ (stealth).
  2981 | D:3      | 2981 ||| Stepping ~*~*~tactically~*~*~ (hiding).
  2983 | D:3      | 2983 ||| Stepping ~*~*~tactically~*~*~ (hiding).
  3174 | D:3      | Noticed a water moccasin
  3181 | D:3      | HP: 5/26 [water moccasin (7)]
  3182 | D:3      | Slain by a water moccasin

Levels and vault maps discovered:
D:1:      mrwooster_arrival_statue, layout_rooms
D:2:      layout_rooms, hellmonk_ecumenical_altar_zigzags,
          minmay_misc_feat_four_crosses, uniq_robin
D:3:      layout_basic, mainiacjoe_overflow_catch_the_wave, uniq_sigmund

Skill      XL: |  1  2  3  4 |
---------------+-------------+-----
Axes           | 3 4 5 |  5.4
Fighting       | |  2.0
Throwing       | |  1.0
Armour         | |  1.1
Dodging        | |  2.1
Spellcasting   | |  2.0
Translocations | |  2.4

Action                   |  1- 3 |  4- 6 || total
-------------------------+-------+-------++-------
Melee: Hand axe          |    69 |    63 ||   132
       Kick              |    13 |    20 ||    33
       Peck              |     5 |    11 ||    16
       Punch             |       |     1 ||     1
Throw: Boomerang         |     7 |       ||     7
       Javelin           |    19 |     5 ||    24
  Use: Scroll            |     3 |     5 ||     8
       Potion            |       |     1 ||     1
 Stab: Distracted        |     1 |       ||     1
Armor: Leather armour    |    11 |       ||    11
       Chain mail        |    31 |    28 ||    59
Dodge: Dodged            |    28 |    17 ||    45

Table legend:
 A = Non-vault XP
 B = Vault XP
 C = Vault XP percentage of total XP
 D = Non-vault monster count
 E = Vault monster count
 F = Vault count percentage of total count
                 A         B        C        D         E       F
            +---------+---------+-------+---------+---------+-------
      Total |     133 |      28 |  17.4 |      52 |       8 |  13.3
            +---------+---------+-------+---------+---------+-------
        D:1 |      41 |       0 |   0.0 |      21 |       0 |   0.0
        D:2 |      73 |      28 |  27.7 |      22 |       8 |  26.7
        D:3 |      19 |       0 |   0.0 |       9 |       0 |   0.0
            +---------+---------+-------+---------+---------+-------
